 Dungeon Crawl Stone Soup version 0.23.2-33-g5129a83184 (webtiles) character file.

Game seed: 1804673740441541931

17466 FishyPogo the Fighter (level 12, -1/116 HPs)
             Began as a Minotaur Fighter on Aug 9, 2019.
             Was a High Priest of Qazlal.
             Slain by Sonja
             ... wielding a +0 short sword of distortion
              (5 damage)
             ... on level 12 of the Dungeon.
             The game lasted 01:03:28 (10459 turns).

FishyPogo the Fighter (Minotaur Fighter)           Turns: 10459, Time: 01:03:36

Health: -1/116     AC: 14    Str: 31    XL:     12   Next: 19%
Magic:  25/25      EV: 14    Int:  5    God:    Qazlal [*****.]
Gold:   694        SH: 19    Dex: 11    Spells: 11/11 levels left

rFire    . . .     SeeInvis .   v - +6 short sword of Dominance {elec, Str+8}
rCold    + + +     Gourm    +   c - +0 shield
rNeg     + . .     Faith    .   P - +2 ring mail {rN+}
rPois    .         Spirit   .   (helmet unavailable)
rElec    .         Reflect  .   C - -3 cloak of Uchuezomyck {*Contam rC+++ MP+9 Str+2}
rCorr    .         Harm     .   p - +0 pair of gloves
MR       +....     Rnd*Rage +   (no boots)
Stlth    +.........             t - amulet of the gourmand
HPRegen  0.29/turn              G - +6 ring of protection
MPRegen  0.19/turn              y - ring of Shadows {Umbra +Inv Stlth+}

@: berserk cooldown, slowed, wreathed by umbra, repel missiles, very slow
A: retaliatory headbutt, horns 3, berserk 1, clumsy 1, magic resistance 1, weak
1
a: Upheaval, Elemental Force, Disaster Area, Renounce Religion, Evoke
Invisibility


You were on level 12 of the Dungeon.
You worshipped Qazlal.
Qazlal was extremely pleased with you.
You were very full.

You visited 1 branch of the dungeon, and saw 12 of its levels.
You visited the Abyss 1 time.

You collected 720 gold pieces.
You spent 26 gold pieces at shops.

Inventory:

Hand Weapons
 a - a +0 long sword
 v - the +6 short sword of Dominance (weapon) {elec, Str+8}
   (You found it on level 4 of the Dungeon)

   Occasionally, upon striking a foe, it will discharge some electrical energy
   and cause terrible harm.
   It affects your strength (+8).
 D - the +8 halberd "Ganamel" {flame, rPois MR+ Dex+3}
   (You took it off a big kobold on level 8 of the Dungeon)

   It has been specially enchanted to burn those struck by it, causing extra
   injury to most foes and up to half again as much damage against particularly
   susceptible opponents.
   Big, fiery blades are also staple armaments of hydra-hunters.
   It affects your dexterity (+3).
   It protects you from poison.
   It affects your resistance to hostile enchantments.
Missiles
 j - 228 stones
 x - 5 javelins
 H - 5 silver tomahawks
 O - 4 tomahawks (quivered)
Armour
 b - a +1 scale mail
 c - a +0 shield (worn)
 p - a +0 pair of gloves (worn)
 u - a +2 leather armour of cold resistance
 C - the -3 cloak of Uchuezomyck (worn) {*Contam rC+++ MP+9 Str+2}
   (You found it on level 7 of the Dungeon)

   It affects your strength (+2).
   It renders you almost immune to cold.
   It affects your magic capacity (+9).
   It causes magical contamination when unequipped.
 I - the +1 scale mail of Ozulol {+Blink Dex+2}
   (You took it off an orc on level 8 of the Dungeon)

   It affects your dexterity (+2).
   It lets you blink.
 P - a +2 ring mail of positive energy (worn)
 U - a cursed +0 robe
Magical Staves
 M - an uncursed staff of cold {unknown}
 Q - an uncursed staff of power {unknown}
Jewellery
 t - an amulet of the gourmand (around neck)
 y - the ring of Shadows (right hand) {Umbra +Inv Stlth+}
   (You found it on level 4 of the Dungeon)

   [ring of stealth]

   It lets you turn invisible.
   It makes you more stealthy.
 z - an uncursed amulet of magic regeneration
 G - a +6 ring of protection (left hand)
Wands
 A - a wand of polymorph (13)
 B - a wand of iceblast (8)
 L - a wand of flame (52)
 R - a wand of digging (5)
Scrolls
 e - 5 scrolls of teleportation
 g - 3 scrolls of immolation
 k - 4 scrolls of identify
 n - 2 scrolls of fear
 r - a scroll of random uselessness {unknown}
 E - 2 scrolls of amnesia
 J - 2 scrolls of remove curse
 K - 2 scrolls of blinking {unknown}
 N - 2 scrolls of enchant weapon
 T - a scroll of enchant armour
Potions
 h - 8 potions of curing
 i - 2 potions of flight
 l - 3 potions of lignification
 m - a potion of cancellation
 o - 3 potions of brilliance
 q - a potion of resistance
 s - a potion of berserk rage {unknown}
 w - a potion of agility
 F - 2 potions of degeneration {unknown}
 S - a potion of invisibility {unknown}
Comestibles
 f - 33 rations


   Skills:
 * Level 13.8 Fighting
 - Level 5.9(6.5) Short Blades
 - Level 4.3(6.0) Long Blades
 * Level 4.1 Throwing
 - Level 9.0 Armour
 + Level 7.6 Dodging
 + Level 10.6 Shields
 - Level 7.0 Invocations


You had 11 spell levels left.
You didn't know any spells.
Your spell library contained the following spells:

 Spells                   Type           Power        Failure   Level  Hunger
 Flame Tongue             Conj/Fire      #....        77%         1    ##.....
 Magic Dart               Conj           #...         77%         1    ##.....
 Blink                    Tloc           N/A          88%         2    ###....
 Call Imp                 Summ           #.......     88%         2    ###....
 Searing Ray              Conj           #.....       88%         2    ###....
 Slow                     Hex            #.......     88%         2    ###....
 Throw Flame              Conj/Fire      #.....       88%         2    ###....
 Conjure Flame            Conj/Fire      #.......     98%         3    ####...
 Dazzling Spray           Conj/Hex       #.....       98%         3    ####...
 Inner Flame              Hex/Fire       #.......     98%         3    ####...
 Mephitic Cloud           Conj/Pois/Air  #.......     98%         3    ####...
 Force Lance              Conj/Tloc      #.......     100%        4    #####..
 Fulminant Prism          Conj/Hex       #.........   100%        4    #####..
 Iskenderun's Mystic Bla  Conj           #.......     100%        4    #####..
 Sticky Flame             Conj/Fire      #.......     100%        4    #####..
 Fireball                 Conj/Fire      #.........   100%        5    ######.


Dungeon Overview and Level Annotations

Branches:
Dungeon (12/15)            Temple (0/1) D:7            Lair (0/6) D:8
    Orc (0/2) D:10

Altars:
Dithmenos
Gozag
Makhleb
Qazlal
Ru
Trog
Uskayaw
Vehumet
Wu Jian
Xom
Yredelemnul
Zin
The Shining One

Shops:
D:7 [   D:10 *   D:11 (

Annotations:
D:11 1 runed translucent door, FishyPogo's ghost, journeyman MiFi
D:12 Sonja


Innate Abilities, Weirdness & Mutations

You reflexively headbutt those who attack you in melee.
You have a pair of large horns on your head.
You tend to lose your temper in combat.
You are clumsy. (Dex -2)
You are resistant to hostile enchantments. (MR+)
You are weak. (Str -2)


Message History

The starspawn's tentacles wither and die.
Your Throwing skill increases to level 4!
Unknown command.
You are suddenly pulled into a different region of the Abyss!
Found a potion of agility.
Found a corrupted altar of Lugonu.
Found a gateway leading out of the Abyss.
You feel a strong urge to attack something.
You feel less protected from electricity.
There is a gateway leading out of the Abyss here.
You are no longer berserk.
You are exhausted.
You feel yourself slow down.
You pass through the gate.
Welcome back to the Dungeon!
Level annotation: Sonja You block Sonja's attack. x3; Sonja hits you but does no damage.
Space bends around you.
* * * LOW HITPOINT WARNING * * *
Sonja hits you but does no damage. Space bends around you.
You die...

.........###.....###(####.#...###
.........'.....((..(.............
.........###....(.)..####.#...###
#.......## ###.#.##### #.##.##
##.....## ###.# #.#### ##...##
#.# #.# ##'## #.# #.# #.# #.# #.#
#.# ##@# #.# ##.## #K.# .####
###...## #.## ....$ ##.....# #.#
### ....#.### #.# #..
##......#######.# #.#
#.#....Z.......# #.#.##.#########
#.#.##.# ..


You could see Sonja.

Vanquished Creatures
  A tentacled starspawn (Abyss:1)
  Gastronok (D:8)
  Nessos (D:12)
  A rakshasa (D:10)
  A hydra (D:8)
  A two-headed ogre (D:9)
  A thrashing horror (Abyss:1)
  An unseen horror (D:11)
  2 deep elf magi (D:9)
  An ugly thing (D:12)
  A torpor snail (shapeshifter) (D:8)
  An orange demon (Abyss:1)
  4 trolls
  A raiju (Abyss:1)
  2 dream sheep (D:8)
  Sigmund (D:2)
  A wyvern (D:11)
  5 yaks
  A hungry ghost (D:11)
  An acid dragon (D:6)
  A water moccasin (D:10)
  5 ice beasts
  5 black bears
  3 orc warriors
  3 sky beasts
  A swamp drake (D:9)
  4 phantoms
  A small abomination (Abyss:1)
  3 centaurs
  An ogre (D:11)
  Blork the orc (D:9)
  3 big kobolds (D:8)
  7 bullfrogs
  A wyvern zombie (D:12)
  A scorpion (D:5)
  7 wights
  An electric eel (D:7)
  3 howler monkeys
  5 crimson imps
  3 starcursed masses (Abyss:1)
  A centaur zombie (D:5)
  2 bullfrog zombies
  2 quasits (D:10)
  6 orc priests
  An iron imp (D:9)
  5 hounds
  5 jellies
  Crazy Yiuf (D:6)
  9 orc wizards
  10 worker ants
  2 iguanas
  2 hound zombies
  A hound skeleton (D:5)
  10 adders
  4 shadow imps
  A white imp (D:9)
  An ufetubus (Abyss:1)
  An ooze (D:4)
  2 adder skeletons
  2 adder zombies
  2 worms (D:4)
  4 dart slugs
  5 leopard geckos
  42 orcs
  2 ball pythons
  7 bats
  9 giant cockroaches
  9 hobgoblins
  21 jackals
  6 quokkas
  5 frilled lizards
  12 goblins
  8 kobolds
  A leopard gecko skeleton (D:7)
  A leopard gecko zombie (D:5)
  A quokka zombie (D:7)
  9 rats
  A plant (D:1)
  A starspawn tentacle (Abyss:1)
302 creatures vanquished.

Vanquished Creatures (others)
  An orc (D:9)
  6 starspawn tentacles (Abyss:1)
7 creatures vanquished.

Grand Total: 309 creatures vanquished

Notes
Turn   | Place    | Note
-------+----------+-------------------------------------------
     0 | D:1      | FishyPogo the Minotaur Fighter began the quest for the Orb.
     0 | D:1      | Reached XP level 1. HP: 19/19 MP: 0/0
    54 | D:1      | Reached XP level 2. HP: 26/27 MP: 1/1
   318 | D:1      | Reached XP level 3. HP: 33/33 MP: 2/2
   643 | D:1      | Reached skill level 4 in Fighting
   690 | D:1      | Gained mutation: You have a pair of large horns on your
                  | head. [potion of mutation]
   690 | D:1      | Gained mutation: You tend to lose your temper in combat.
                  | [potion of mutation]
   690 | D:1      | Gained mutation: You are clumsy. (Dex -2) [potion of
                  | mutation]
   690 | D:1      | Gained mutation: You are resistant to hostile enchantments.
                  | (MR+) [potion of mutation]
   965 | D:2      | Noticed Sigmund
   998 | D:2      | Killed Sigmund
   998 | D:2      | Reached skill level 5 in Fighting
   998 | D:2      | Reached skill level 5 in Armour
   998 | D:2      | Reached XP level 4. HP: 21/42 MP: 3/3
   998 | D:2      | Reached XP level 5. HP: 25/48 MP: 4/4
  1560 | D:3      | Found a stormy altar of Qazlal.
  1569 | D:3      | Found a sacrificial altar of Ru.
  1571 | D:3      | Found a bloodstained altar of Trog.
  1571 | D:3      | Found a radiant altar of Vehumet.
  1572 | D:3      | Found a basalt altar of Yredelemnul.
  1580 | D:3      | Became a worshipper of Qazlal Stormbringer
  1789 | D:3      | You fall through a shaft for 3 floors!
  1867 | D:6      | Noticed an ice beast
  1872 | D:6      | Noticed an acid dragon
  1872 | D:6      | HP: 2/48 [acid (18)]
  1879 | D:6      | Noticed a phantom
  1923 | D:5      | Entered Level 5 of the Dungeon
  1931 | D:5      | HP: 2/48 [worker ant (3)]
  1933 | D:5      | Reached XP level 6. HP: 39/56 MP: 5/5
  1935 | D:5      | Reached skill level 5 in Shields
  2110 | D:5      | Found a glowing golden altar of the Shining One.
  2317 | D:4      | Found an opulent altar of Gozag.
  2445 | D:3      | Reached skill level 6 in Fighting
  2683 | D:3      | Reached * piety under Qazlal
  2683 | D:3      | Reached XP level 7. HP: 63/63 MP: 6/6
  2834 | D:3      | Found a hide-covered altar of Uskayaw.
  3081 | D:4      | Got a steaming short sword
  3082 | D:4      | Identified the +6 short sword of Dominance {elec, Str+8}
                  | (You found it on level 4 of the Dungeon)
  3374 | D:4      | Found the ring of Shadows {Umbra +Inv Stlth+}
  3565 | D:5      | Reached skill level 1 in Short Blades
  3656 | D:5      | Reached skill level 7 in Fighting
  3710 | D:5      | Found a glowing silver altar of Zin.
  3899 | D:5      | Reached XP level 8. HP: 54/73 MP: 7/7
  4027 | D:5      | Found a burning altar of Makhleb.
  4081 | D:5      | Reached ** piety under Qazlal
  4568 | D:6      | Reached skill level 8 in Fighting
  4656 | D:6      | Reached skill level 9 in Fighting
  5260 | D:6      | Found a runed translucent door.
  5261 | D:6      | Noticed Crazy Yiuf
  5268 | D:6      | Killed Crazy Yiuf
  5268 | D:6      | Reached XP level 9. HP: 70/84 MP: 8/8
  5465 | D:7      | Got an encrusted cloak
  5481 | D:7      | Identified the cursed -3 cloak of Uchuezomyck {*Contam
                  | rC+++ MP+9 Str+2} (You found it on level 7 of the Dungeon)
  5554 | D:7      | Gained mutation: You are weak. (Str -2) [mutagenic glow]
  5570 | D:7      | Found Qackitev's Armour Emporium.
  5705 | D:7      | Found a shadowy altar of Dithmenos.
  5719 | D:7      | Reached *** piety under Qazlal
  5719 | D:7      | Reached skill level 1 in Dodging
  5757 | D:7      | Reached skill level 10 in Fighting
  6188 | D:7      | Found a staircase to the Ecumenical Temple.
  6347 | D:7      | Found a shimmering altar of Xom.
  6430 | D:8      | Reached skill level 5 in Short Blades
  6505 | D:8      | Found a staircase to the Lair.
  6563 | D:8      | Noticed a torpor snail
  6563 | D:8      | a spriggan changed into a torpor snail
  6570 | D:8      | Killed a torpor snail
  6615 | D:8      | Found an ornate altar of the Wu Jian Council.
  6626 | D:8      | Noticed Gastronok
  6634 | D:8      | Killed Gastronok
  6634 | D:8      | Reached XP level 10. HP: 94/94 MP: 8/13
  6656 | D:8      | Reached skill level 11 in Fighting
  6690 | D:8      | Noticed a two-headed hydra
  6691 | D:8      | Identified the +8 halberd "Ganamel" {flame, rPois MR+
                  | Dex+3}
  6697 | D:8      | Killed a two-headed hydra
  6724 | D:8      | You fall through a shaft for 2 floors!
  6724 | D:10     | Entered Level 10 of the Dungeon
  6823 | D:10     | Reached **** piety under Qazlal
  6946 | D:10     | Reached skill level 5 in Dodging
  7056 | D:9      | Found an opulent altar of Gozag.
  7249 | D:9      | Noticed a two-headed ogre
  7260 | D:9      | Killed a two-headed ogre
  7260 | D:9      | Reached XP level 11. HP: 76/104 MP: 10/15
  7484 | D:8      | Identified the +1 scale mail of Ozulol {+Blink Dex+2}
  8150 | D:9      | Noticed Blork the orc
  8158 | D:9      | Killed Blork the orc
  8169 | D:9      | Noticed a deep elf mage
  8176 | D:9      | Noticed a deep elf mage
  8185 | D:9      | Killed a deep elf mage
  8192 | D:9      | Killed a deep elf mage
  8499 | D:10     | Reached skill level 12 in Fighting
  8855 | D:10     | Noticed a rakshasa
  8911 | D:10     | Killed a rakshasa
  8957 | D:10     | Found Lierphor's General Store.
  8960 | D:10     | Bought a scroll of identify for 26 gold pieces
  9044 | D:10     | Found a staircase to the Orcish Mines.
  9519 | D:11     | Killed an unseen horror
  9569 | D:11     | Found a runed translucent door.
  9569 | D:11     | Found a shimmering altar of Xom.
  9569 | D:11     | Noticed FishyPogo's ghost (journeyman MiFi)
  9569 | D:11     | Noticed a +2 long sword of chaos
  9660 | D:11     | Found Xihew's Weapon Emporium.
  9725 | D:11     | Reached ***** piety under Qazlal
  9750 | D:11     | Reached skill level 10 in Shields
  9753 | D:11     | Reached skill level 13 in Fighting
  9910 | D:12     | Noticed Nessos
  9944 | D:12     | Killed Nessos
  9944 | D:12     | Reached skill level 1 in Throwing
 10087 | D:12     | Noticed Sonja
 10108 | D:12     | Noticed a white ugly thing
 10119 | D:12     | Killed a white ugly thing
 10293 | D:12     | Cast into level 1 of the Abyss (Sonja)
 10300 | Abyss:1  | Found a corrupted altar of Lugonu.
 10311 | Abyss:1  | Noticed a starcursed mass
 10316 | Abyss:1  | Noticed a thrashing horror
 10329 | Abyss:1  | Killed a thrashing horror
 10347 | Abyss:1  | Noticed a spatial maelstrom
 10363 | Abyss:1  | Noticed a mana viper
 10403 | Abyss:1  | Noticed a tentacled starspawn
 10418 | Abyss:1  | Noticed a starcursed mass
 10442 | Abyss:1  | Reached XP level 12. HP: 36/115 MP: 16/16
 10443 | Abyss:1  | Paralysed by accursed screaming for 1 turns
 10449 | Abyss:1  | Killed a starcursed mass
 10453 | Abyss:1  | HP: 7/172 [tentacled starspawn (8)]
 10455 | Abyss:1  | Killed a tentacled starspawn
 10456 | Abyss:1  | Found a corrupted altar of Lugonu.
 10459 | D:12     | Escaped the Abyss
 10459 | D:12     | HP: 4/116 [Sonja/+0 short sword of distortion (2)]
 10459 | D:12     | Slain by Sonja

Skill      XL: |  1  2  3  4  5  6  7  8  9 10 11 12 |
---------------+-------------------------------------+-----
Armour         | 4 5 6 7 8 9 |  9.0
Shields        | 4 5 6 7 8 9 10 | 10.6
Fighting       | 5 6 7 9 10 11 13 | 13.8
Long Blades    | 3 4 |  4.3
Short Blades   | 2 4 5 |  5.9
Dodging        | 4 5 7 |  7.6
Invocations    | 6 7 |  7.0
Throwing       | 3 4 |  4.1

Action                   |  1- 3 |  4- 6 |  7- 9 | 10-12 || total
-------------------------+-------+-------+-------+-------++-------
Melee: Long sword        |   104 |   111 |    10 |       ||   225
       Headbutt          |    16 |    13 |    44 |    83 ||   156
       Short sword       |       |       |   225 |   317 ||   542
Throw: Stone             |       |     8 |    40 |    56 ||   104
       Tomahawk          |       |       |       |     1 ||     1
Invok: Upheaval          |       |       |       |     1 ||     1
 Abil: Evoke Blink       |       |       |       |     1 ||     1
  Use: Potion            |     1 |     1 |     1 |     6 ||     9
       Scroll            |       |     9 |     4 |     6 ||    19
  Eat: Chunk             |       |     6 |    22 |    12 ||    40
Armor: Scale mail        |    35 |    59 |       |       ||    94
       Leather armour    |       |     1 |    27 |    43 ||    71
       Skin              |       |       |       |    13 ||    13
       Ring mail         |       |       |       |     7 ||     7
Dodge: Dodged            |    19 |    59 |    62 |   120 ||   260
       Deflected         |       |       |       |    15 ||    15
Block: Shield            |    37 |     2 |    49 |   290 ||   378
       Buckler           |       |    13 |    45 |       ||    58
       Rpst.: Long sword |     2 |    17 |     2 |       ||    21
